Winnipeg Jets vs Calgary Flames
(R1)
Created - Thursday, October 31, 2024 at 07:09
Goals
|
| Winnipeg Jets |
0 |
0 |
4 |
4 |
| Calgary Flames |
0 |
1 |
2 |
3 |
|
Shots
|
| Winnipeg Jets |
3 |
10 |
18 |
31 |
| Calgary Flames |
6 |
8 |
17 |
31 |
|
1st period
No Goal
Penalties :
Oliver Ekman-Larsson (WPG) for Tripping (Minor) at 0:22, Mathieu Joseph (CGY) for Tripping (Minor) at 2:47, Tom Wilson (WPG) for High sticking (Minor) at 8:19, Oliver Ekman-Larsson (WPG) for Interference (Minor) at 11:49
2nd period
1. Calgary Flames , Garnet Hathaway 5 (Nic Dowd 14, Drew Doughty 20) at 7:32
Penalties :
Brayden Pachal (WPG) for Interference (Minor) at 3:56, Oliver Kylington (WPG) for Delaying the game (Minor) at 13:07, Garnet Hathaway (CGY) for Cross-checking (Minor) at 17:13, Tom Wilson (WPG) for Slashing (Minor) at 17:34
3rd period
2. Winnipeg Jets , Jason Zucker 11 (Connor Bedard 29) at 1:20
3. Calgary Flames , Joel Eriksson Ek 28 (Sebastian Aho 38) at 4:07
4. Calgary Flames , Mathieu Joseph 6 (Oliver Bjorkstrand 15, Rasmus Andersson 16) at 4:51
5. Winnipeg Jets , Mason Appleton 12 (Connor Bedard 30, Dylan Samberg 4) at 6:53 (PP)
6. Winnipeg Jets , Connor McDavid 23 (Brayden Pachal 6, Alexis Lafreniere 28) at 8:51
7. Winnipeg Jets , Mason Appleton 13 (Oliver Kylington 16) at 13:56
Penalties :
Jeremy Lauzon (CGY) for Fighting (Major) at 0:13, Alexis Lafreniere (WPG) for Fighting (Major) at 0:13, J.T. Miller (CGY) for Fighting (Major) at 5:06, Oliver Ekman-Larsson (WPG) for Fighting (Major) at 5:06, Garnet Hathaway (CGY) for Tripping (Minor) at 6:19, Nic Dowd (CGY) for Tripping (Minor) at 10:19, Joel Eriksson Ek (CGY) for Unsportsmanlike conduct (Minor) at 16:46
Goalie Stats
Martin Jones (WPG), 5 saves from 5 shots - (1.000), 18:13 minutes
Ukko-Pekka Luukkonen (WPG), 23 saves from 26 shots - (0.885), W, 22-17-7, 41:47 minutes
Samuel Montembeault (CGY), 27 saves from 31 shots - (0.871), L, 5-4-2, 58:50 minutes
Players Stats for Winnipeg Jets
Player Name G A P +/- PIM S H SB GA TA FO MP PP MP PK MP
------------------------------------------------------------------------------------
Adam Lowry 0 0 0 1 0 1 0 0 0 0 2/3 10:50 0:12 0:00
Alexis Lafreniere 0 1 1 0 5 3 3 0 1 0 0/5 21:06 3:02 4:47
Andre Burakovsky 0 0 0 0 0 0 1 0 1 0 3/3 11:14 0:00 0:00
Barclay Goodrow 0 0 0 1 0 0 1 1 0 0 0/0 10:13 0:00 0:00
Brayden Pachal 0 1 1 0 2 1 1 3 0 1 0/0 16:48 0:34 4:09
Connor Bedard 0 2 2 0 0 7 4 0 0 0 7/17 19:44 3:38 4:51
Connor McDavid 1 0 1 -1 0 2 1 0 1 0 16/32 21:57 3:14 4:40
Dylan Samberg 0 1 1 -1 0 0 0 3 0 0 0/0 22:16 3:08 5:40
Jason Zucker 1 0 1 0 0 4 3 1 0 1 0/2 13:07 0:00 1:29
Joel Armia 0 0 0 0 0 2 1 0 1 0 0/0 9:07 3:38 0:00
Mason Appleton 2 0 2 1 0 3 2 0 1 0 0/0 13:25 3:38 0:00
Olen Zellweger 0 0 0 0 0 1 0 1 0 2 0/0 21:47 3:44 5:47
Oliver Ekman-Larsson 0 0 0 1 9 0 1 2 0 0 0/0 20:58 2:34 1:16
Oliver Kylington 0 1 1 1 2 2 1 3 0 1 0/0 26:06 3:44 3:40
Olli Maatta 0 0 0 -1 0 1 0 1 2 0 0/0 12:30 0:00 0:00
Ridly Greig 0 0 0 -1 0 0 2 0 0 0 1/4 8:53 0:12 0:00
Sam Steel 0 0 0 0 0 1 0 1 0 1 0/0 6:58 0:00 1:01
Tom Wilson 0 0 0 -1 4 3 1 1 1 0 0/1 20:59 3:01 3:44
Players Stats for Calgary Flames
Player Name G A P +/- PIM S H SB GA TA FO MP PP MP PK MP
------------------------------------------------------------------------------------
Cole Sillinger 0 0 0 0 0 2 1 0 0 0 0/1 12:05 0:00 1:08
Drew Doughty 0 1 1 -3 0 5 0 3 2 0 0/0 24:48 4:53 3:47
Garnet Hathaway 1 0 1 0 4 1 1 0 0 0 0/0 5:41 0:02 0:00
J.T. Miller 0 0 0 -1 5 1 1 1 0 0 10/14 15:26 5:18 0:00
Jake Middleton 0 0 0 3 0 0 3 2 0 0 0/0 18:26 0:00 3:05
Jeremy Lauzon 0 0 0 0 5 1 2 0 0 1 0/0 16:45 5:23 0:00
Joel Eriksson Ek 1 0 1 1 2 3 4 1 0 1 4/8 20:49 4:58 2:18
Kris Letang 0 0 0 -3 0 2 0 0 0 2 0/0 24:30 4:53 3:47
Mathieu Joseph 1 0 1 0 2 2 1 0 0 0 0/0 10:56 0:00 0:00
Matthew Tkachuk 0 0 0 -1 0 3 1 0 1 0 1/1 20:30 4:58 3:15
Nic Dowd 0 1 1 0 2 0 0 0 1 0 5/9 9:10 0:09 0:00
Oliver Bjorkstrand 0 1 1 0 0 2 1 0 0 0 3/7 12:10 0:00 0:00
Pavel Zacha 0 0 0 -1 0 0 2 0 0 2 2/4 20:34 4:51 3:35
Rasmus Andersson 0 1 1 2 0 0 0 1 1 1 0/0 23:51 5:23 3:05
Sebastian Aho 0 1 1 1 0 6 1 0 0 1 13/22 21:11 5:14 3:28
Vincent Desharnais 0 0 0 1 0 1 0 1 0 0 0/0 11:39 0:00 0:00
Yakov Trenin 0 0 0 0 0 1 0 0 0 0 0/0 5:41 0:00 0:00
Zach Hyman 0 0 0 1 0 1 3 0 1 0 0/1 17:11 5:18 0:00
3 Stars
1 - Mason Appleton (WPG)
2 - Connor Bedard (WPG)
3 - Jason Zucker (WPG)
Power Play
Winnipeg Jets - 1 on 5 Attempt(s) - 20.00%
Calgary Flames - 0 on 6 Attempt(s) - 0.00%
Penalty Kill
Winnipeg Jets - 6 on 6 Attempt(s) - 100.00%
- Score 0 goal in Penalty Kill
Calgary Flames - 4 on 5 Attempt(s) - 80.00%
- Score 0 goal in Penalty Kill
Team Stat
Winnipeg Jets - Hits : 22 - Faceoff Wins : 29 - Blocked Shots : 17 - Penalty Minutes : 22
Calgary Flames - Hits : 21 - Faceoff Wins : 38 - Blocked Shots : 9 - Penalty Minutes : 20
Official
Referees : Kelly Sutherland and Tom Chmielewski
Linesman : Ryan Daisy and Dan Kelly
Game Notes
Martin Jones is injured at 18:13 of 1st period (Bruised Right Shoulder)
Ukko-Pekka Luukkonen enters game at 18:13 of 1st period
Jeremy Lauzon beats up Alexis Lafreniere at 0:13 of 3rd period
J.T. Miller and Oliver Ekman-Larsson fight to a draw at 5:06 of 3rd period
Finance
Level 1 -- Attendance: 4579 (76.32%) -- Ticket Income $457,900
Level 2 -- Attendance: 3725 (74.50%) -- Ticket Income $223,500
Level 3 -- Attendance: 2471 (82.37%) -- Ticket Income $86,485
Level 4 -- Attendance: 3432 (68.64%) -- Ticket Income $85,800
Luxury Box -- Attendance: 746 (74.60%) -- Ticket Income $149,200
Game was played at the Scotiabank Saddledome.
Total Attendance: 14953 (74.77%)
Total Ticket Income: $1,002,885
Other Income: $351,010
Total Income: $1,353,895
Winnipeg Jets
5 vs 5 Forward
Center Left Wing Right Wing Time % Phy DF OF
1 Connor McDavid Alexis Lafreniere Tom Wilson 30 1 2 2
2 Connor Bedard Andre Burakovsky Jason Zucker 30 1 2 2
3 Adam Lowry Barclay Goodrow Mason Appleton 25 1 2 2
4 Ridly Greig Sam Steel Joel Armia 15 1 2 2
5 vs 5 Defense
Defense Defense Time % Phy DF OF
1 Oliver Ekman-Larsson Oliver Kylington 30 1 2 2
2 Dylan Samberg Olli Maatta 30 1 2 2
3 Brayden Pachal Olen Zellweger 25 1 2 2
4 Oliver Ekman-Larsson Oliver Kylington 15 1 2 2
PowerPlay Forward
Center Left Wing Right Wing Time % Phy DF OF
1 Connor McDavid Alexis Lafreniere Tom Wilson 50 1 2 2
2 Connor Bedard Joel Armia Mason Appleton 50 1 2 2
PowerPlay Defense
Defense Defense Time % Phy DF OF
1 Oliver Kylington Olen Zellweger 50 1 2 2
2 Oliver Ekman-Larsson Dylan Samberg 50 1 2 2
Penalty Kill 4 Players Forward
Center Wing Time % Phy DF OF
1 Connor McDavid Connor Bedard 50 1 2 2
2 Alexis Lafreniere Tom Wilson 50 1 2 2
Penalty Kill 4 Players Defense
Defense Defense Time % Phy DF OF
1 Olen Zellweger Oliver Kylington 50 1 2 2
2 Dylan Samberg Brayden Pachal 50 1 2 2
Penalty Kill - 3 Players Forward
Forward Time % Phy DF OF
1 Connor McDavid 50 1 2 2
2 Connor Bedard 50 1 2 2
Penalty Kill - 3 Players Defense
Defense Defense Time % Phy DF OF
1 Olen Zellweger Oliver Kylington 50 1 2 2
2 Brayden Pachal Dylan Samberg 50 1 2 2
4 vs 4 Forward
Center Wing Time % Phy DF OF
1 Connor McDavid Connor Bedard 50 1 2 2
2 Alexis Lafreniere Tom Wilson 50 1 2 2
4 vs 4 Defense
Defense Defense Time % Phy DF OF
1 Olen Zellweger Oliver Kylington 50 1 2 2
2 Dylan Samberg Oliver Ekman-Larsson 50 1 2 2
Last Minutes Offensive
Center Left Wing Right Wing Defense Defense
Connor McDavid Alexis Lafreniere Tom Wilson Oliver Ekman-Larsson Olen Zellweger
Last Minutes Defensive
Center Left Wing Right Wing Defense Defense
Connor McDavid Alexis Lafreniere Tom Wilson Oliver Ekman-Larsson Oliver Kylington
Goaltenders
Starting : Martin Jones
Backup : Ukko-Pekka Luukkonen
Extra Forwards
Normal : Ridly Greig, Adam Lowry, Jason Zucker - PP : Ridly Greig, Adam Lowry - PK : Jason Zucker
Extra Defensemen
Normal : Brayden Pachal, Olen Zellweger, Dylan Samberg - PP : Brayden Pachal - PK : Olen Zellweger, Dylan Samberg
Penalty Shots
Connor McDavid, Connor Bedard, Alexis Lafreniere, Tom Wilson, Adam Lowry
Scratches
Cam Atkinson (Healthy), Nate Schmidt (Groin Injury)
Calgary Flames
5 vs 5 Forward
Center Left Wing Right Wing Time % Phy DF OF
1 J.T. Miller Pavel Zacha Matthew Tkachuk 30 1 2 2
2 Sebastian Aho Zach Hyman Joel Eriksson Ek 30 1 2 2
3 Oliver Bjorkstrand Cole Sillinger Mathieu Joseph 25 1 2 2
4 Nic Dowd Yakov Trenin Garnet Hathaway 15 1 2 2
5 vs 5 Defense
Defense Defense Time % Phy DF OF
1 Drew Doughty Kris Letang 35 1 2 2
2 Rasmus Andersson Jake Middleton 35 1 2 2
3 Jeremy Lauzon Vincent Desharnais 30 1 2 2
4 Drew Doughty Kris Letang 0 1 2 2
PowerPlay Forward
Center Left Wing Right Wing Time % Phy DF OF
1 Joel Eriksson Ek Pavel Zacha Matthew Tkachuk 50 1 2 2
2 Sebastian Aho Zach Hyman J.T. Miller 50 1 2 2
PowerPlay Defense
Defense Defense Time % Phy DF OF
1 Drew Doughty Kris Letang 50 1 2 2
2 Rasmus Andersson Jeremy Lauzon 50 1 2 2
Penalty Kill 4 Players Forward
Center Wing Time % Phy DF OF
1 Pavel Zacha Sebastian Aho 50 1 2 2
2 Joel Eriksson Ek Matthew Tkachuk 50 1 2 2
Penalty Kill 4 Players Defense
Defense Defense Time % Phy DF OF
1 Drew Doughty Kris Letang 50 1 2 2
2 Rasmus Andersson Jake Middleton 50 1 2 2
Penalty Kill - 3 Players Forward
Forward Time % Phy DF OF
1 Matthew Tkachuk 50 1 2 2
2 Sebastian Aho 50 1 2 2
Penalty Kill - 3 Players Defense
Defense Defense Time % Phy DF OF
1 Drew Doughty Kris Letang 50 1 2 2
2 Rasmus Andersson Jeremy Lauzon 50 1 2 2
4 vs 4 Forward
Center Wing Time % Phy DF OF
1 Pavel Zacha Sebastian Aho 50 1 2 2
2 Joel Eriksson Ek Matthew Tkachuk 50 1 2 2
4 vs 4 Defense
Defense Defense Time % Phy DF OF
1 Drew Doughty Kris Letang 50 1 2 2
2 Rasmus Andersson Jake Middleton 50 1 2 2
Last Minutes Offensive
Center Left Wing Right Wing Defense Defense
J.T. Miller Pavel Zacha Matthew Tkachuk Drew Doughty Kris Letang
Last Minutes Defensive
Center Left Wing Right Wing Defense Defense
J.T. Miller Pavel Zacha Matthew Tkachuk Drew Doughty Kris Letang
Goaltenders
Starting : Samuel Montembeault
Backup : Ilya Sorokin
Extra Forwards
Normal : Nic Dowd, Oliver Bjorkstrand, Cole Sillinger - PP : Nic Dowd, Oliver Bjorkstrand - PK : Cole Sillinger
Extra Defensemen
Normal : Jake Middleton, Jeremy Lauzon, Rasmus Andersson - PP : Jake Middleton - PK : Jeremy Lauzon, Rasmus Andersson
Penalty Shots
J.T. Miller, Sebastian Aho, Joel Eriksson Ek, Matthew Tkachuk, Pavel Zacha
Scratches
Jeff Petry (Healthy), Timo Meier (Healthy), Noel Acciari (Healthy), Rafael Harvey-Pinard (Healthy)
% Time on Ice - Winnipeg Jets
Lines # - Real PCT - Wanted PCT - Time Play
Normal Forward
1 - 30% - 30% - 12:09
2 - 31% - 30% - 12:14
3 - 26% - 25% - 10:13
4 - 14% - 15% - 5:25
Normal Defense
1 - 32% - 30% - 12:46
2 - 32% - 30% - 12:41
3 - 26% - 25% - 10:19
4 - 11% - 15% - 4:15
PP Forward
1 - 47% - 50% - 3:14
2 - 53% - 50% - 3:38
PP Defense
1 - 54% - 50% - 3:44
2 - 46% - 50% - 3:08
PK Forward
1 - 47% - 50% - 4:50
2 - 53% - 50% - 5:26
PK Defense
1 - 45% - 50% - 4:36
2 - 55% - 50% - 5:40
PK3 Forward
1 - 0% - 50%
2 - 0% - 50%
PK3 Defense
1 - 0% - 50%
2 - 0% - 50%
44 Forward
1 - 42% - 50% - 0:41
2 - 58% - 50% - 0:57
44 Defense
1 - 39% - 50% - 0:38
2 - 61% - 50% - 1:00
Last Minute Offensive - 0:00
Last Minute Defensive - 1:13
Total
Forward - 60:00
Defense - 60:00
|
% Time on Ice - Calgary Flames
Lines # - Real PCT - Wanted PCT - Time Play
Normal Forward
1 - 28% - 30% - 11:19
2 - 30% - 30% - 12:04
3 - 27% - 25% - 10:56
4 - 14% - 15% - 5:41
Normal Defense
1 - 35% - 35% - 14:01
2 - 36% - 35% - 14:20
3 - 29% - 30% - 11:39
4 - 0% - 0% - 0:00
PP Forward
1 - 48% - 50% - 4:56
2 - 52% - 50% - 5:20
PP Defense
1 - 48% - 50% - 4:53
2 - 52% - 50% - 5:23
PK Forward
1 - 44% - 50% - 3:01
2 - 56% - 50% - 3:51
PK Defense
1 - 55% - 50% - 3:47
2 - 45% - 50% - 3:05
PK3 Forward
1 - 0% - 50%
2 - 0% - 50%
PK3 Defense
1 - 0% - 50%
2 - 0% - 50%
44 Forward
1 - 51% - 50% - 0:50
2 - 49% - 50% - 0:48
44 Defense
1 - 63% - 50% - 1:02
2 - 37% - 50% - 0:36
Last Minute Offensive - 1:14
Last Minute Defensive - 0:00
Total
Forward - 60:00
Defense - 60:00
|
Play-by-Play
1st period
0:01 of 1st period - Connor McDavid wins face-off versus J.T. Miller in neutral zone.
0:22 of 1st period - Minor Penalty to Oliver Ekman-Larsson for Tripping.
0:23 of 1st period - Connor McDavid wins face-off versus Joel Eriksson Ek in Winnipeg Jets zone.
0:38 of 1st period - Snap shot by Joel Eriksson Ek.
0:38 of 1st period - Shot Misses the Net.
0:40 of 1st period - Slapshot by Kris Letang.
0:40 of 1st period - Shot Misses the Net.
0:50 of 1st period - Kris Letang is hit by Connor McDavid and loses puck.
0:58 of 1st period - Off-side.
0:59 of 1st period - Sebastian Aho wins face-off versus Alexis Lafreniere in neutral zone.
1:16 of 1st period - Slapshot by Sebastian Aho.
1:16 of 1st period - Shot Misses the Net.
2:22 of 1st period - Penalty to Oliver Ekman-Larsson is over, Oliver Ekman-Larsson is back on ice.
2:36 of 1st period - Wrist shot by Tom Wilson.
2:36 of 1st period - Shot Blocked by Rasmus Andersson.
2:47 of 1st period - Minor Penalty to Mathieu Joseph for Tripping.
2:48 of 1st period - Connor Bedard wins face-off versus Pavel Zacha in Calgary Flames zone.
4:47 of 1st period - Penalty to Mathieu Joseph is over, Mathieu Joseph is back on ice.
5:20 of 1st period - Sam Steel is hit by Cole Sillinger and loses puck.
5:47 of 1st period - Connor Bedard is hit by Pavel Zacha and loses puck.
6:15 of 1st period - Sam Steel is hit by Jake Middleton and loses puck.
6:30 of 1st period - Mason Appleton is hit by Garnet Hathaway and loses puck.
6:37 of 1st period - Snap shot by Drew Doughty.
6:37 of 1st period - Shot Blocked by Barclay Goodrow.
6:52 of 1st period - Matthew Tkachuk is hit by Mason Appleton.
7:04 of 1st period - Mason Appleton is hit by Zach Hyman and loses puck.
8:06 of 1st period - Connor McDavid is hit by Zach Hyman and loses puck.
8:19 of 1st period - Minor Penalty to Tom Wilson for High sticking.
8:20 of 1st period - Sebastian Aho wins face-off versus Alexis Lafreniere in Winnipeg Jets zone.
10:19 of 1st period - Penalty to Tom Wilson is over, Tom Wilson is back on ice.
10:34 of 1st period - Snap shot by Tom Wilson.
10:34 of 1st period - Stopped by Samuel Montembeault without a rebound.
10:35 of 1st period - Oliver Bjorkstrand wins face-off versus Adam Lowry in Calgary Flames zone.
10:55 of 1st period - Off-side.
10:56 of 1st period - Andre Burakovsky wins face-off versus Sebastian Aho in neutral zone.
11:29 of 1st period - Off-side.
11:30 of 1st period - Connor McDavid wins face-off versus Sebastian Aho in neutral zone.
11:49 of 1st period - Minor Penalty to Oliver Ekman-Larsson for Interference.
11:50 of 1st period - Sebastian Aho wins face-off versus Connor McDavid in Winnipeg Jets zone.
12:27 of 1st period - Snap shot by Matthew Tkachuk.
12:27 of 1st period - Stopped by Martin Jones with a rebound.
13:49 of 1st period - Penalty to Oliver Ekman-Larsson is over, Oliver Ekman-Larsson is back on ice.
14:39 of 1st period - Wrist shot by Rasmus Andersson.
14:39 of 1st period - Shot Blocked by Olen Zellweger.
14:41 of 1st period - Slapshot by Yakov Trenin.
14:41 of 1st period - Shot Blocked by Jason Zucker.
15:10 of 1st period - Snap shot by Garnet Hathaway.
15:10 of 1st period - Deflect By Adam Lowry.
15:10 of 1st period - Shot Misses the Net.
15:10 of 1st period - Puck is out of play.
15:11 of 1st period - J.T. Miller wins face-off versus Connor McDavid in Winnipeg Jets zone.
15:43 of 1st period - Wrist shot by Ridly Greig.
15:43 of 1st period - Shot Misses the Net.
15:49 of 1st period - Snap shot by Zach Hyman.
15:49 of 1st period - Shot Misses the Net.
15:51 of 1st period - Snap shot by Jeremy Lauzon.
15:51 of 1st period - Stopped by Martin Jones with a rebound.
15:53 of 1st period - Snap shot by Sebastian Aho.
15:53 of 1st period - Stopped by Martin Jones with a rebound.
16:05 of 1st period - Oliver Kylington is hit by Mathieu Joseph.
17:26 of 1st period - Barclay Goodrow is hit by Jake Middleton and loses puck.
17:41 of 1st period - Wrist shot by Oliver Bjorkstrand.
17:41 of 1st period - Stopped by Martin Jones with a rebound.
17:51 of 1st period - Slapshot by Jason Zucker.
17:51 of 1st period - Stopped by Samuel Montembeault with a rebound.
18:03 of 1st period - Snap shot by Alexis Lafreniere.
18:03 of 1st period - Stopped by Samuel Montembeault without a rebound.
18:04 of 1st period - J.T. Miller wins face-off versus Connor McDavid in Calgary Flames zone.
18:13 of 1st period - Snap shot by J.T. Miller.
18:13 of 1st period - Deflect By Matthew Tkachuk.
18:13 of 1st period - Stopped by Martin Jones with a rebound.
18:13 of 1st period - Martin Jones from Winnipeg Jets is injured at 18:13 of 1st period (Bruised Right Shoulder).
18:13 of 1st period - Ukko-Pekka Luukkonen enters game.
18:14 of 1st period - Connor McDavid wins face-off versus Sebastian Aho in Winnipeg Jets zone.
18:14 of 1st period - Connor McDavid is hit by Sebastian Aho.
18:20 of 1st period - Snap shot by Sebastian Aho.
18:20 of 1st period - Stopped by Ukko-Pekka Luukkonen with a rebound.
Goals for this period are 0 for Winnipeg Jets vs 0 for Calgary Flames.
Shots for this period are 3 for Winnipeg Jets vs 6 for Calgary Flames.
2nd period
0:01 of 2nd period - Matthew Tkachuk wins face-off versus Connor McDavid in neutral zone.
0:03 of 2nd period - Off-side.
0:04 of 2nd period - J.T. Miller wins face-off versus Connor McDavid in neutral zone.
0:06 of 2nd period - Off-side.
0:07 of 2nd period - Pavel Zacha wins face-off versus Connor McDavid in neutral zone.
0:14 of 2nd period - Wrist shot by J.T. Miller.
0:14 of 2nd period - Deflect By Matthew Tkachuk.
0:14 of 2nd period - Shot Misses the Net.
0:14 of 2nd period - Puck is out of play.
0:15 of 2nd period - J.T. Miller wins face-off versus Connor Bedard in Winnipeg Jets zone.
0:48 of 2nd period - Oliver Ekman-Larsson is hit by Zach Hyman and loses puck.
1:25 of 2nd period - Wrist shot by Joel Armia.
1:25 of 2nd period - Stopped by Samuel Montembeault with a rebound.
2:12 of 2nd period - Off-side.
2:13 of 2nd period - Sebastian Aho wins face-off versus Connor McDavid in neutral zone.
2:16 of 2nd period - Tom Wilson is hit by Joel Eriksson Ek and loses puck.
2:25 of 2nd period - Snap shot by Tom Wilson.
2:25 of 2nd period - Shot Misses the Net.
2:27 of 2nd period - Wrist shot by Connor McDavid.
2:27 of 2nd period - Stopped by Samuel Montembeault with a rebound.
2:29 of 2nd period - Slapshot by Connor McDavid.
2:29 of 2nd period - Shot Blocked by Joel Eriksson Ek.
2:47 of 2nd period - Snap shot by Connor Bedard.
2:47 of 2nd period - Shot Misses the Net.
2:49 of 2nd period - Snap shot by Connor Bedard.
2:49 of 2nd period - Stopped by Samuel Montembeault with a rebound.
2:59 of 2nd period - Wrist shot by Drew Doughty.
2:59 of 2nd period - Stopped by Ukko-Pekka Luukkonen without a rebound.
3:00 of 2nd period - Adam Lowry wins face-off versus Oliver Bjorkstrand in Winnipeg Jets zone.
3:09 of 2nd period - Wrist shot by Adam Lowry.
3:09 of 2nd period - Stopped by Samuel Montembeault with a rebound.
3:32 of 2nd period - Off-side.
3:33 of 2nd period - Sebastian Aho wins face-off versus Connor McDavid in neutral zone.
3:41 of 2nd period - Brayden Pachal is hit by Jake Middleton and loses puck.
3:48 of 2nd period - Snap shot by Zach Hyman.
3:48 of 2nd period - Shot Misses the Net.
3:50 of 2nd period - Wrist shot by Zach Hyman.
3:50 of 2nd period - Stopped by Ukko-Pekka Luukkonen with a rebound.
3:56 of 2nd period - Minor Penalty to Brayden Pachal for Interference.
3:57 of 2nd period - Connor McDavid wins face-off versus Sebastian Aho in Winnipeg Jets zone.
4:09 of 2nd period - Off-side.
4:10 of 2nd period - Joel Eriksson Ek wins face-off versus Alexis Lafreniere in neutral zone.
4:15 of 2nd period - Wrist shot by Matthew Tkachuk.
4:15 of 2nd period - Shot Misses the Net.
4:17 of 2nd period - Snap shot by Rasmus Andersson.
4:17 of 2nd period - Shot Blocked by Tom Wilson.
4:37 of 2nd period - Rasmus Andersson is hit by Connor Bedard and loses puck.
4:44 of 2nd period - Snap shot by Sebastian Aho.
4:44 of 2nd period - Stopped by Ukko-Pekka Luukkonen without a rebound.
4:45 of 2nd period - Connor McDavid wins face-off versus Sebastian Aho in Winnipeg Jets zone.
5:16 of 2nd period - Slapshot by Drew Doughty.
5:16 of 2nd period - Deflect By Joel Eriksson Ek.
5:16 of 2nd period - Shot Misses the Net.
5:16 of 2nd period - Puck is out of play.
5:17 of 2nd period - Joel Eriksson Ek wins face-off versus Alexis Lafreniere in Winnipeg Jets zone.
5:30 of 2nd period - Wrist shot by Joel Eriksson Ek.
5:30 of 2nd period - Stopped by Ukko-Pekka Luukkonen without a rebound.
5:31 of 2nd period - Connor McDavid wins face-off versus Sebastian Aho in Winnipeg Jets zone.
5:31 of 2nd period - Connor McDavid is hit by Jeremy Lauzon.
5:56 of 2nd period - Penalty to Brayden Pachal is over, Brayden Pachal is back on ice.
6:13 of 2nd period - Snap shot by Mason Appleton.
6:13 of 2nd period - Shot Misses the Net.
6:23 of 2nd period - Pavel Zacha is hit by Ridly Greig and loses puck.
6:38 of 2nd period - Olli Maatta is hit by Pavel Zacha and loses puck.
7:16 of 2nd period - Wrist shot by Tom Wilson.
7:16 of 2nd period - Shot Misses the Net.
7:18 of 2nd period - Slapshot by Olen Zellweger.
7:18 of 2nd period - Stopped by Samuel Montembeault without a rebound.
7:19 of 2nd period - Nic Dowd wins face-off versus Connor McDavid in Calgary Flames zone.
7:30 of 2nd period - Wrist shot by Nic Dowd.
7:30 of 2nd period - Shot Blocked by Brayden Pachal.
7:32 of 2nd period - Wrist shot by Garnet Hathaway.
7:32 of 2nd period - Goal by Garnet Hathaway - Winnipeg Jets : 0 - Calgary Flames : 1.
7:33 of 2nd period - Connor Bedard wins face-off versus Sebastian Aho in neutral zone.
7:46 of 2nd period - Backhand shot by Connor Bedard.
7:46 of 2nd period - Stopped by Samuel Montembeault with a rebound.
7:54 of 2nd period - Oliver Ekman-Larsson is hit by Joel Eriksson Ek and loses puck.
8:21 of 2nd period - Wrist shot by Sebastian Aho.
8:21 of 2nd period - Stopped by Ukko-Pekka Luukkonen with a rebound.
8:23 of 2nd period - Snap shot by Vincent Desharnais.
8:23 of 2nd period - Shot Blocked by Dylan Samberg.
8:25 of 2nd period - Slapshot by J.T. Miller.
8:25 of 2nd period - Deflect By Matthew Tkachuk.
8:25 of 2nd period - Shot Misses the Net.
8:25 of 2nd period - Puck is out of play.
8:26 of 2nd period - J.T. Miller wins face-off versus Connor Bedard in Winnipeg Jets zone.
8:38 of 2nd period - Slapshot by Dylan Samberg.
8:38 of 2nd period - Shot Blocked by Drew Doughty.
8:40 of 2nd period - Snap shot by Connor Bedard.
8:40 of 2nd period - Stopped by Samuel Montembeault with a rebound.
8:42 of 2nd period - Slapshot by Olli Maatta.
8:42 of 2nd period - Deflect By Connor Bedard.
8:42 of 2nd period - Shot Misses the Net.
8:42 of 2nd period - Puck is out of play.
8:43 of 2nd period - Oliver Bjorkstrand wins face-off versus Connor McDavid in Calgary Flames zone.
9:35 of 2nd period - Mason Appleton is hit by Matthew Tkachuk and loses puck.
10:00 of 2nd period - Nic Dowd is hit by Alexis Lafreniere and loses puck.
10:23 of 2nd period - Wrist shot by Mathieu Joseph.
10:23 of 2nd period - Stopped by Ukko-Pekka Luukkonen with a rebound.
10:25 of 2nd period - Slapshot by Oliver Bjorkstrand.
10:25 of 2nd period - Deflect By Cole Sillinger.
10:25 of 2nd period - Shot Blocked by Sam Steel.
10:25 of 2nd period - Puck is out of play.
10:26 of 2nd period - Sebastian Aho wins face-off versus Connor Bedard in Winnipeg Jets zone.
10:37 of 2nd period - Snap shot by Sebastian Aho.
10:37 of 2nd period - Shot Misses the Net.
10:39 of 2nd period - Slapshot by Jeremy Lauzon.
10:39 of 2nd period - Deflect By Zach Hyman.
10:39 of 2nd period - Shot Blocked by Olli Maatta.
10:39 of 2nd period - Puck is out of play.
10:40 of 2nd period - Sebastian Aho wins face-off versus Connor McDavid in Winnipeg Jets zone.
10:49 of 2nd period - Slapshot by Tom Wilson.
10:49 of 2nd period - Stopped by Samuel Montembeault without a rebound.
10:50 of 2nd period - Sebastian Aho wins face-off versus Tom Wilson in Calgary Flames zone.
11:06 of 2nd period - Off-side.
11:07 of 2nd period - J.T. Miller wins face-off versus Connor Bedard in neutral zone.
11:22 of 2nd period - Slapshot by Connor Bedard.
11:22 of 2nd period - Stopped by Samuel Montembeault with a rebound.
11:32 of 2nd period - J.T. Miller is hit by Oliver Kylington and loses puck.
11:55 of 2nd period - Icing by Pavel Zacha.
11:56 of 2nd period - Joel Eriksson Ek wins face-off versus Alexis Lafreniere in Calgary Flames zone.
12:05 of 2nd period - Off-side.
12:06 of 2nd period - Sebastian Aho wins face-off versus Connor Bedard in neutral zone.
12:09 of 2nd period - Slapshot by Rasmus Andersson.
12:09 of 2nd period - Shot Blocked by Oliver Ekman-Larsson.
13:07 of 2nd period - Minor Penalty to Oliver Kylington for Delaying the game.
13:08 of 2nd period - Connor McDavid wins face-off versus Pavel Zacha in Winnipeg Jets zone.
13:23 of 2nd period - Snap shot by Joel Eriksson Ek.
13:23 of 2nd period - Shot Misses the Net.
13:25 of 2nd period - Slapshot by Kris Letang.
13:25 of 2nd period - Shot Blocked by Brayden Pachal.
13:58 of 2nd period - Jeremy Lauzon is hit by Alexis Lafreniere and loses puck.
15:07 of 2nd period - Penalty to Oliver Kylington is over, Oliver Kylington is back on ice.
16:01 of 2nd period - Kris Letang is hit by Oliver Ekman-Larsson and loses puck.
16:57 of 2nd period - Garnet Hathaway is hit by Jason Zucker and loses puck.
17:13 of 2nd period - Minor Penalty to Garnet Hathaway for Cross-checking.
17:14 of 2nd period - Connor McDavid wins face-off versus Joel Eriksson Ek in Calgary Flames zone.
17:34 of 2nd period - Minor Penalty to Tom Wilson for Slashing.
17:35 of 2nd period - Pavel Zacha wins face-off versus Connor McDavid in Winnipeg Jets zone.
17:46 of 2nd period - Slapshot by Sebastian Aho.
17:46 of 2nd period - Shot Misses the Net.
18:14 of 2nd period - Slapshot by Kris Letang.
18:14 of 2nd period - Stopped by Ukko-Pekka Luukkonen with a rebound.
18:54 of 2nd period - Sebastian Aho is hit by Connor Bedard.
19:13 of 2nd period - Penalty to Garnet Hathaway is over, Garnet Hathaway is back on ice.
19:34 of 2nd period - Penalty to Tom Wilson is over, Tom Wilson is back on ice.
19:38 of 2nd period - Snap shot by Jason Zucker.
19:38 of 2nd period - Stopped by Samuel Montembeault with a rebound.
19:54 of 2nd period - Wrist shot by Adam Lowry.
19:54 of 2nd period - Shot Misses the Net.
Goals for this period are 0 for Winnipeg Jets vs 1 for Calgary Flames.
Shots for this period are 10 for Winnipeg Jets vs 8 for Calgary Flames.
3rd period
0:01 of 3rd period - J.T. Miller wins face-off versus Connor McDavid in neutral zone.
0:08 of 3rd period - Snap shot by Matthew Tkachuk.
0:08 of 3rd period - Stopped by Ukko-Pekka Luukkonen with a rebound.
0:10 of 3rd period - Wrist shot by Jeremy Lauzon.
0:10 of 3rd period - Shot Blocked by Oliver Kylington.
0:12 of 3rd period - Snap shot by Vincent Desharnais.
0:12 of 3rd period - Shot Blocked by Oliver Ekman-Larsson.
0:13 of 3rd period - Jeremy Lauzon beats up Alexis Lafreniere.
0:13 of 3rd period - Penalty to Jeremy Lauzon for Fighting.
0:13 of 3rd period - Penalty to Alexis Lafreniere for Fighting.
0:14 of 3rd period - Sebastian Aho wins face-off versus Connor Bedard in Winnipeg Jets zone.
0:39 of 3rd period - Ridly Greig is hit by J.T. Miller and loses puck.
1:06 of 3rd period - Snap shot by Oliver Bjorkstrand.
1:06 of 3rd period - Deflect By Cole Sillinger.
1:06 of 3rd period - Stopped by Ukko-Pekka Luukkonen with a rebound.
1:20 of 3rd period - Snap shot by Jason Zucker.
1:20 of 3rd period - Goal by Jason Zucker - Winnipeg Jets : 1 - Calgary Flames : 1.
1:21 of 3rd period - Sebastian Aho wins face-off versus Connor McDavid in neutral zone.
1:26 of 3rd period - Snap shot by Joel Eriksson Ek.
1:26 of 3rd period - Shot Misses the Net.
1:28 of 3rd period - Wrist shot by Sebastian Aho.
1:28 of 3rd period - Shot Blocked by Dylan Samberg.
1:30 of 3rd period - Wrist shot by Sebastian Aho.
1:30 of 3rd period - Shot Blocked by Dylan Samberg.
1:32 of 3rd period - Snap shot by Sebastian Aho.
1:32 of 3rd period - Deflect By Joel Eriksson Ek.
1:32 of 3rd period - Shot Misses the Net.
1:32 of 3rd period - Puck is out of play.
1:33 of 3rd period - Sebastian Aho wins face-off versus Connor Bedard in Winnipeg Jets zone.
1:38 of 3rd period - Snap shot by Joel Eriksson Ek.
1:38 of 3rd period - Stopped by Ukko-Pekka Luukkonen without a rebound.
1:39 of 3rd period - Connor Bedard wins face-off versus Zach Hyman in Winnipeg Jets zone.
1:46 of 3rd period - Snap shot by Connor Bedard.
1:46 of 3rd period - Shot Misses the Net.
1:48 of 3rd period - Wrist shot by Andre Burakovsky.
1:48 of 3rd period - Shot Blocked by Jake Middleton.
1:50 of 3rd period - Snap shot by Jason Zucker.
1:50 of 3rd period - Stopped by Samuel Montembeault with a rebound.
2:35 of 3rd period - Wrist shot by Mason Appleton.
2:35 of 3rd period - Shot Blocked by Jake Middleton.
2:37 of 3rd period - Snap shot by Oliver Kylington.
2:37 of 3rd period - Stopped by Samuel Montembeault with a rebound.
2:54 of 3rd period - Snap shot by Drew Doughty.
2:54 of 3rd period - Stopped by Ukko-Pekka Luukkonen with a rebound.
2:56 of 3rd period - Snap shot by Drew Doughty.
2:56 of 3rd period - Stopped by Ukko-Pekka Luukkonen with a rebound.
3:00 of 3rd period - Snap shot by Cole Sillinger.
3:00 of 3rd period - Shot Blocked by Oliver Kylington.
3:02 of 3rd period - Slapshot by Cole Sillinger.
3:02 of 3rd period - Stopped by Ukko-Pekka Luukkonen with a rebound.
3:04 of 3rd period - Slapshot by Vincent Desharnais.
3:04 of 3rd period - Stopped by Ukko-Pekka Luukkonen without a rebound.
3:05 of 3rd period - J.T. Miller wins face-off versus Jason Zucker in Winnipeg Jets zone.
3:11 of 3rd period - Icing by Olen Zellweger.
3:12 of 3rd period - J.T. Miller wins face-off versus Jason Zucker in Winnipeg Jets zone.
3:15 of 3rd period - Snap shot by J.T. Miller.
3:15 of 3rd period - Stopped by Ukko-Pekka Luukkonen without a rebound.
3:16 of 3rd period - Connor McDavid wins face-off versus Sebastian Aho in Winnipeg Jets zone.
3:25 of 3rd period - Snap shot by Connor McDavid.
3:25 of 3rd period - Deflect By Tom Wilson.
3:25 of 3rd period - Stopped by Samuel Montembeault with a rebound.
3:41 of 3rd period - Vincent Desharnais is hit by Barclay Goodrow.
4:07 of 3rd period - Wrist shot by Joel Eriksson Ek.
4:07 of 3rd period - Goal by Joel Eriksson Ek - Winnipeg Jets : 1 - Calgary Flames : 2.
4:08 of 3rd period - Andre Burakovsky wins face-off versus J.T. Miller in neutral zone.
4:24 of 3rd period - Wrist shot by Connor Bedard.
4:24 of 3rd period - Stopped by Samuel Montembeault with a rebound.
4:35 of 3rd period - Off-side.
4:36 of 3rd period - Oliver Bjorkstrand wins face-off versus Connor McDavid in neutral zone.
4:51 of 3rd period - Snap shot by Mathieu Joseph.
4:51 of 3rd period - Goal by Mathieu Joseph - Winnipeg Jets : 1 - Calgary Flames : 3.
4:52 of 3rd period - J.T. Miller wins face-off versus Connor Bedard in neutral zone.
5:03 of 3rd period - Snap shot by Andre Burakovsky.
5:03 of 3rd period - Shot Blocked by J.T. Miller.
5:06 of 3rd period - J.T. Miller and Oliver Ekman-Larsson fight to a draw.
5:06 of 3rd period - Penalty to J.T. Miller for Fighting.
5:06 of 3rd period - Penalty to Oliver Ekman-Larsson for Fighting.
5:07 of 3rd period - Nic Dowd wins face-off versus Ridly Greig in Calgary Flames zone.
5:22 of 3rd period - Matthew Tkachuk is hit by Tom Wilson and loses puck.
5:33 of 3rd period - Connor Bedard is hit by Joel Eriksson Ek and loses puck.
6:05 of 3rd period - Wrist shot by Joel Armia.
6:05 of 3rd period - Shot Blocked by Drew Doughty.
6:07 of 3rd period - Wrist shot by Joel Armia.
6:07 of 3rd period - Shot Blocked by Drew Doughty.
6:19 of 3rd period - Snap shot by Yakov Trenin.
6:19 of 3rd period - Stopped by Ukko-Pekka Luukkonen without a rebound.
6:19 of 3rd period - Minor Penalty to Garnet Hathaway for Tripping.
6:20 of 3rd period - Connor Bedard wins face-off versus Joel Eriksson Ek in Calgary Flames zone.
6:25 of 3rd period - Snap shot by Connor Bedard.
6:25 of 3rd period - Shot Misses the Net.
6:27 of 3rd period - Slapshot by Brayden Pachal.
6:27 of 3rd period - Shot Misses the Net.
6:29 of 3rd period - Snap shot by Connor Bedard.
6:29 of 3rd period - Stopped by Samuel Montembeault without a rebound.
6:30 of 3rd period - Joel Eriksson Ek wins face-off versus Connor Bedard in Calgary Flames zone.
6:30 of 3rd period - Joel Eriksson Ek is hit by Brayden Pachal.
6:44 of 3rd period - Drew Doughty is hit by Connor Bedard and loses puck.
6:53 of 3rd period - Slapshot by Mason Appleton.
6:53 of 3rd period - Goal by Mason Appleton - Winnipeg Jets : 2 - Calgary Flames : 3.
6:54 of 3rd period - Connor McDavid wins face-off versus Nic Dowd in neutral zone.
6:57 of 3rd period - Snap shot by Tom Wilson.
6:57 of 3rd period - Shot Misses the Net.
7:09 of 3rd period - Backhand shot by Matthew Tkachuk.
7:09 of 3rd period - Shot Misses the Net.
7:21 of 3rd period - Rasmus Andersson is hit by Jason Zucker and loses puck.
7:48 of 3rd period - Snap shot by Oliver Bjorkstrand.
7:48 of 3rd period - Stopped by Ukko-Pekka Luukkonen without a rebound.
7:49 of 3rd period - Connor McDavid wins face-off versus Oliver Bjorkstrand in Winnipeg Jets zone.
8:10 of 3rd period - Brayden Pachal is hit by Oliver Bjorkstrand and loses puck.
8:45 of 3rd period - Wrist shot by Tom Wilson.
8:45 of 3rd period - Shot Misses the Net.
8:47 of 3rd period - Wrist shot by Alexis Lafreniere.
8:47 of 3rd period - Stopped by Samuel Montembeault with a rebound.
8:49 of 3rd period - Wrist shot by Brayden Pachal.
8:49 of 3rd period - Stopped by Samuel Montembeault with a rebound.
8:51 of 3rd period - Snap shot by Connor McDavid.
8:51 of 3rd period - Goal by Connor McDavid - Winnipeg Jets : 3 - Calgary Flames : 3.
8:52 of 3rd period - Nic Dowd wins face-off versus Connor Bedard in neutral zone.
9:09 of 3rd period - Jeremy Lauzon is hit by Andre Burakovsky and loses puck.
9:27 of 3rd period - Dylan Samberg is hit by Jeremy Lauzon and loses puck.
9:42 of 3rd period - Wrist shot by Ridly Greig.
9:42 of 3rd period - Deflect By Joel Armia.
9:42 of 3rd period - Shot Misses the Net.
9:42 of 3rd period - Puck is out of play.
9:43 of 3rd period - Ridly Greig wins face-off versus Nic Dowd in Calgary Flames zone.
9:48 of 3rd period - Wrist shot by Sam Steel.
9:48 of 3rd period - Stopped by Samuel Montembeault with a rebound.
9:50 of 3rd period - Slapshot by Oliver Kylington.
9:50 of 3rd period - Shot Misses the Net.
9:52 of 3rd period - Snap shot by Joel Armia.
9:52 of 3rd period - Stopped by Samuel Montembeault without a rebound.
9:53 of 3rd period - Andre Burakovsky wins face-off versus Nic Dowd in Calgary Flames zone.
10:00 of 3rd period - Snap shot by Connor Bedard.
10:00 of 3rd period - Shot Misses the Net.
10:02 of 3rd period - Slapshot by Oliver Kylington.
10:02 of 3rd period - Shot Misses the Net.
10:04 of 3rd period - Snap shot by Oliver Kylington.
10:04 of 3rd period - Stopped by Samuel Montembeault without a rebound.
10:05 of 3rd period - Connor Bedard wins face-off versus Nic Dowd in Calgary Flames zone.
10:19 of 3rd period - Minor Penalty to Nic Dowd for Tripping.
10:20 of 3rd period - Connor McDavid wins face-off versus Joel Eriksson Ek in Calgary Flames zone.
11:46 of 3rd period - Matthew Tkachuk is hit by Alexis Lafreniere and loses puck.
12:19 of 3rd period - Penalty to Nic Dowd is over, Nic Dowd is back on ice.
12:21 of 3rd period - Connor McDavid is hit by Joel Eriksson Ek and loses puck.
12:39 of 3rd period - Oliver Bjorkstrand is hit by Jason Zucker and loses puck.
12:44 of 3rd period - Slapshot by Jason Zucker.
12:44 of 3rd period - Shot Blocked by Vincent Desharnais.
13:20 of 3rd period - Slapshot by Olli Maatta.
13:20 of 3rd period - Stopped by Samuel Montembeault without a rebound.
13:21 of 3rd period - Adam Lowry wins face-off versus Oliver Bjorkstrand in Calgary Flames zone.
13:26 of 3rd period - Wrist shot by Alexis Lafreniere.
13:26 of 3rd period - Stopped by Samuel Montembeault without a rebound.
13:27 of 3rd period - Connor Bedard wins face-off versus Oliver Bjorkstrand in Calgary Flames zone.
13:32 of 3rd period - Slapshot by Connor Bedard.
13:32 of 3rd period - Stopped by Samuel Montembeault with a rebound.
13:52 of 3rd period - Snap shot by Mason Appleton.
13:52 of 3rd period - Shot Misses the Net.
13:54 of 3rd period - Wrist shot by Mason Appleton.
13:54 of 3rd period - Stopped by Samuel Montembeault with a rebound.
13:56 of 3rd period - Wrist shot by Mason Appleton.
13:56 of 3rd period - Goal by Mason Appleton - Winnipeg Jets : 4 - Calgary Flames : 3.
13:57 of 3rd period - Connor McDavid wins face-off versus Sebastian Aho in neutral zone.
14:26 of 3rd period - Slapshot by Sebastian Aho.
14:26 of 3rd period - Shot Misses the Net.
14:28 of 3rd period - Slapshot by Rasmus Andersson.
14:28 of 3rd period - Shot Misses the Net.
14:30 of 3rd period - Slapshot by Sebastian Aho.
14:30 of 3rd period - Stopped by Ukko-Pekka Luukkonen without a rebound.
14:31 of 3rd period - Connor Bedard wins face-off versus J.T. Miller in Winnipeg Jets zone.
15:19 of 3rd period - Wrist shot by Garnet Hathaway.
15:19 of 3rd period - Shot Misses the Net.
15:21 of 3rd period - Slapshot by Rasmus Andersson.
15:21 of 3rd period - Deflect By Yakov Trenin.
15:21 of 3rd period - Shot Blocked by Brayden Pachal.
15:21 of 3rd period - Puck is out of play.
15:22 of 3rd period - Nic Dowd wins face-off versus Ridly Greig in Winnipeg Jets zone.
15:35 of 3rd period - Slapshot by Rasmus Andersson.
15:35 of 3rd period - Shot Blocked by Oliver Kylington.
15:37 of 3rd period - Snap shot by Yakov Trenin.
15:37 of 3rd period - Shot Misses the Net.
15:49 of 3rd period - Oliver Bjorkstrand is hit by Mason Appleton.
16:09 of 3rd period - Snap shot by Sebastian Aho.
16:09 of 3rd period - Stopped by Ukko-Pekka Luukkonen with a rebound.
16:11 of 3rd period - Slapshot by Kris Letang.
16:11 of 3rd period - Stopped by Ukko-Pekka Luukkonen with a rebound.
16:13 of 3rd period - Wrist shot by Drew Doughty.
16:13 of 3rd period - Deflect By Adam Lowry.
16:13 of 3rd period - Stopped by Ukko-Pekka Luukkonen without a rebound.
16:14 of 3rd period - Sebastian Aho wins face-off versus Ridly Greig in Winnipeg Jets zone.
16:23 of 3rd period - Sebastian Aho is hit by Ridly Greig.
16:46 of 3rd period - Minor Penalty to Joel Eriksson Ek for Unsportsmanlike conduct.
16:47 of 3rd period - Connor McDavid wins face-off versus Cole Sillinger in Calgary Flames zone.
17:33 of 3rd period - Matthew Tkachuk is hit by Connor Bedard and loses puck.
18:35 of 3rd period - Jake Middleton is hit by Joel Armia and loses puck.
18:46 of 3rd period - Penalty to Joel Eriksson Ek is over, Joel Eriksson Ek is back on ice.
18:50 of 3rd period - Calgary Flames, Samuel Montembeault is pulled from the net.
19:12 of 3rd period - Slapshot by Oliver Bjorkstrand.
19:12 of 3rd period - Deflect By Nic Dowd.
19:12 of 3rd period - Shot Misses the Net.
19:12 of 3rd period - Puck is out of play.
19:13 of 3rd period - Bruce Boudreau call a timeout for Calgary Flames.
19:13 of 3rd period - Connor McDavid wins face-off versus J.T. Miller in Winnipeg Jets zone.
19:32 of 3rd period - Wrist shot by Drew Doughty.
19:32 of 3rd period - Stopped by Ukko-Pekka Luukkonen without a rebound.
19:33 of 3rd period - Nic Dowd wins face-off versus Connor McDavid in Winnipeg Jets zone.
Goals for this period are 4 for Winnipeg Jets vs 2 for Calgary Flames.
Shots for this period are 18 for Winnipeg Jets vs 17 for Calgary Flames.
Back to the Top